 Dungeon Crawl Stone Soup version 0.30.1-11-g7821555f0a (webtiles) character file.

Game seed: 11107085440022854626

146 porpoise the Shooter (level 5, -3/41 HPs)
             Began as a Human Hunter on Jan 16, 2024.
             Slain by Sigmund
             ... wielding a +0 scythe
              (7 damage)
             ... on level 3 of the Dungeon.
             The game lasted 00:05:30 (2206 turns).

porpoise the Shooter (Human Hunter)                 Turns: 2206, Time: 00:05:31

Health: -3/41      AC:  4    Str: 11    XL:     5   Next: 53%
Magic:  5/5        EV: 12    Int:  9    God:
Gold:   145        SH:  0    Dex: 19    Spells: 4/4 levels left

rFire   . . .        b - +1 dagger (drain)
rCold   . . .        (no shield)
rNeg    . . .        c - +0 leather armour
rPois   .            (no helmet)
rElec   .            (no cloak)
rCorr   .            h - +0 pair of gloves
SInv    .            (no boots)
Will    .....        (no amulet)
Stlth   +            (no ring)
HPRegen 0.26/turn    (no ring)
MPRegen 0.09/turn

%: no passive effects
@: confused
A: no striking features
a: no special abilities


You were on level 3 of the Dungeon.
You visited 1 branch of the dungeon, and saw 3 of its levels.

You collected 145 gold pieces.

Inventory:

Hand Weapons
 a - a +0 shortbow
 b - a +1 dagger of draining (weapon)
Missiles
 i - 5 boomerangs
 k - 4 boomerangs of dispersal
 r - 2 poisoned darts
Armour
 c - a +0 leather armour (worn)
 h - a +0 pair of gloves (worn)
Scrolls
 d - a scroll of enchant armour {unknown}
 e - a scroll of noise {unknown}
 g - a scroll of teleportation {unknown}
 j - a scroll of immolation
 m - a scroll of poison {unknown}
 s - a scroll of brand weapon {unknown}
Potions
 f - a potion of brilliance
 l - a potion of invisibility
 n - a potion of flight
 o - a potion of attraction
 p - a potion of ambrosia
 q - a potion of might {unknown}
 t - a potion of curing {unknown}


   Skills:
 + Level 3.3 Fighting
 * Level 5.7 Ranged Weapons
 - Level 2.0 Dodging
 - Level 1.0 Stealth


You had 4 spell levels left.
You didn't know any spells.
Your spell library was empty.

Dungeon Overview and Level Annotations

Branches:
Dungeon (3/15)

Altars:
Ashenzari
Wu Jian
Zin

Annotations:
D:3 Sigmund


Message History

You shoot an arrow.
The arrow hits Sigmund but does no damage.
Sigmund screams, "Die, monster!"
Sigmund hits you from afar with a +0 scythe!
You shoot an arrow. The arrow hits Sigmund.
Sigmund is moderately wounded.
Sigmund hits you from afar with a +0 scythe.
You shoot an arrow. The arrow hits Sigmund.
Sigmund is moderately wounded.
You shoot an arrow. The arrow hits Sigmund!
Sigmund is severely wounded.
Sigmund closely misses you.
You shoot an arrow. The arrow hits Sigmund.
Sigmund is almost dead.
Sigmund points at you and mumbles some strange words.
You are confused.
You are too confused!
You are too confused!
Unknown command.
Non-targeted confused fire: a) +0 shortbow
Press: ? - help, Q - select action, (/) - cycle Dir - look around, f - activate
Okay, then.
Unknown command.
You sense an unholy aura.
b - a +1 dagger of draining (weapon)
Sigmund laughs darkly.
Sigmund hits you from afar with a +0 scythe.
You're too confused to move!
Sigmund gestures wildly while chanting.
Sigmund flickers and vanishes!
Deactivating autopickup; reactivate with Ctrl-A.
Something hits you.
You hear some strange, mumbled words.
You are more confused.
You bump into the stone wall.
Something hits you.
There is an open gate, spattered with blood here.
Something hits you!
* * * LOW HITPOINT WARNING * * *
You bump into the stone wall.
Something hits you!
You die...

#............##.)†.##
#..........#######..####
#.....###### #.....#
#.....#...# ###...#
#.....#._.## ##...
#.....#...#..## #.##
#.....#'''# ...######)..
#..)..#{..#..#...#......
#####.'@..'.# #.#.###..
#.'.P.'.# #...##...
#.'.P.'.# ###..#...
###...### #..#... #'''#
#..#... #...# ###....^.
#._.######...###..
#...#........# #..
#####........###.#


There were no monsters in sight!

Vanquished Creatures
  Jessica (D:3)
  Terence (D:2)
  An adder (D:2)
  A worm (D:1)
  2 dart slugs
  5 orcs
  4 bats
  5 endoplasms
  A giant cockroach (D:1)
  9 goblins
  6 hobgoblins
  5 jackals
  3 quokkas (D:1)
  4 ball pythons
  12 frilled lizards
  3 kobolds
  9 rats
72 creatures vanquished.

Notes
Turn   | Place    | Note
-------+----------+-------------------------------------------
     0 | D:1      | porpoise the Human Hunter began the quest for the Orb.
     0 | D:1      | Reached XP level 1. HP: 16/16 MP: 1/1
   121 | D:1      | Reached XP level 2. HP: 22/22 MP: 2/2
   562 | D:1      | Reached XP level 3. HP: 28/28 MP: 3/3
  1363 | D:2      | Found a faded altar of an unknown god.
  1475 | D:2      | Reached XP level 4. HP: 34/34 MP: 4/4
  1491 | D:2      | Reached skill level 5 in Ranged Weapons
  1581 | D:2      | Noticed Terence
  1586 | D:2      | Killed Terence
  1866 | D:3      | Reached XP level 5. HP: 41/41 MP: 5/5
  1883 | D:3      | Found a glowing silver altar of Zin.
  2000 | D:3      | Noticed Jessica
  2002 | D:3      | Killed Jessica
  2177 | D:3      | Found an ornate altar of the Wu Jian Council.
  2188 | D:3      | Found a broken altar of Ashenzari.
  2188 | D:3      | Noticed Sigmund
  2206 | D:3      | Slain by Sigmund

Illustrated notes

Levels and vault maps discovered:
D:1:      saegor_arrival_fortress, layout_basic, grunt_decor_resistance,
          chequers_serial_rivers_small_a, chequers_serial_rivers_small_3,
          hex_intersection, minmay_lizard_king
D:2:      layout_rooms, ebering_ecumenical_altar_abandoned,
          chequers_serial_rivers_room_b, uniq_terence
D:3:      layout_rooms, mainiacjoe_overflow_alcove_1,
          mainiacjoe_overflow_big_doors, mainiacjoe_overflow_alcove_2,
          lemuel_coloured_pillars_altar, amcnicky_mini_pool_small,
          kennysheep_generic_room_5, uniq_sigmund, uniq_jessica, uniq_ijyb,
          uniq_natasha

Skill      XL: |  1  2  3  4 |
---------------+-------------+-----
Ranged Weapons | 5 |  5.7
Fighting       | 3 |  3.3
Dodging        | |  2.0
Stealth        | |  1.0

Action                     |  1- 3 |  4- 6 || total
---------------------------+-------+-------++-------
   Fire: Shortbow          |    92 |    70 ||   162
    Use: Scroll            |     2 |     3 ||     5
 Armour: Leather armour    |     4 |     2 ||     6
  Dodge: Dodged            |    30 |     7 ||    37
